 Dungeon Crawl Stone Soup version 0.29.1 (webtiles) character file.

Game seed: 18158330210159125084

3165 Icepheonix32 the Fighter (level 9, 0/123 HPs)
             Began as a Minotaur Fighter on Sept 13, 2022.
             Was a Priest of Okawaru.
             Slain by an orc warrior
             ... wielding a +0 short sword
              (5 damage)
             ... on level 7 of the Dungeon.
             The game lasted 00:08:48 (6151 turns).

Icepheonix32 the Fighter (Minotaur Fighter)         Turns: 6151, Time: 00:08:48

Health: 0/123      AC: 24    Str: 25    XL:     9   Next: 63%
Magic:  0/8        EV:  2    Int:  5    God:    Okawaru [***...]
Gold:   69         SH:  6    Dex: 10    Spells: 8/8 levels left

rFire   . . .      SeeInvis .   m - +2 dagger (vamp)
rCold   . . .      Faith    .   c - +0 buckler
rNeg    . . .      Spirit   +   (body armour currently unavailable)
rPois   +          Reflect  .   (helmet currently unavailable)
rElec   .          Harm     .   (cloak currently unavailable)
rCorr   .          Rampage  .   (gloves currently unavailable)
Will    .....      NoTele   +   (boots currently unavailable)
Stlth   +++.......              n - amulet of guardian spirit
HPRegen 0.30/turn               s - ring of wizardry
MPRegen 0.11/turn               (no ring)

@: tree-form, heroic
A: stationary, stasis, torment immunity, boosted hp, (horns 2), (retaliatory
headbutt)
a: Renounce Religion, Heroism


You were on level 7 of the Dungeon.
You worshipped Okawaru.
Okawaru was most pleased with you.
You were a tree.
You visited 2 branches of the dungeon, and saw 8 of its levels.

You collected 269 gold pieces.
You spent 200 gold pieces at shops.

Inventory:

Hand Weapons
 a - a +0 war axe
 m - a +2 vampiric dagger (weapon)
 z - a +3 vorpal sling
Missiles
 x - 5 poisoned darts (quivered)
Armour
 b - a +0 scale mail
 c - a +0 buckler (worn)
 h - a scarf of shadows (melded)
 k - a +0 kite shield
 C - a +2 pair of gloves (melded)
 F - a +1 ring mail of cold resistance (melded)
 G - a +0 cloak
Jewellery
 n - an amulet of guardian spirit (around neck)
 s - a ring of wizardry (left branch)
Wands
 v - a wand of flame (4)
 E - a wand of iceblast (8)
Scrolls
 d - a scroll of immolation {unknown}
 f - 2 scrolls of magic mapping {unknown}
 i - 4 scrolls of poison {unknown}
 j - 5 scrolls of identify {unknown}
 l - 5 scrolls of teleportation {unknown}
 o - 3 scrolls of fear {unknown}
 t - 2 scrolls of butterflies {unknown}
 u - a scroll of amnesia {unknown}
 w - a scroll of blinking {unknown}
 y - a scroll of enchant weapon {unknown}
 B - a scroll of summoning {unknown}
 H - a scroll of vulnerability {unknown}
Potions
 e - 2 potions of lignification
 g - 3 potions of resistance {unknown}
 p - a potion of mutation {unknown}
 q - 2 potions of heal wounds {unknown}
 r - 5 potions of curing {unknown}
 A - a potion of magic {unknown}
 D - a potion of cancellation {unknown}


   Skills:
 * Level 8.8(13.8) Fighting
 + Level 6.9(11.9) Short Blades
 - Level 3.2(8.2) Axes
 + Level 8.8(13.8) Armour
 + Level 5.2(10.2) Dodging
 + Level 1.1(6.1) Stealth
 + Level 6.9(11.9) Shields


You had 8 spell levels left.
You didn't know any spells.
Your spell library contained the following spells:

 Spells                   Type           Power      Damage    Failure   Level
 Freeze                   Ice            0%         1d3       26%         1
 Sandblast                Erth           0%         2d4       26%         1
 Sting                    Tmut/Pois      0%         1d3       26%         1
 Passwall                 Tmut/Erth      0%         N/A       34%         2
 Poisonous Vapours        Pois/Air       0%         N/A       34%         2
 Frozen Ramparts          Ice            0%         1d1       56%         3
 Portal Projectile        Hex/Tloc       0%         N/A       56%         3
 Stone Arrow              Conj/Erth      0%         3d7       56%         3
 Hailstorm                Conj/Ice       0%         3d3       91%         4
 Olgreb's Toxic Radiance  Pois           0%         N/A       91%         4
 Blade Hands              Tmut           0%         N/A       99%         5
 Tukima's Dance           Hex            Unusable   N/A       N/A         3

Dungeon Overview and Level Annotations

Branches:
Dungeon (7/15)             Temple (1/1) D:4

Altars:
Ashenzari
Cheibriados
Elyvilon
Fedhas
Kikubaaqudgha
Makhleb
Nemelex Xobeh
Okawaru
Qazlal
Ru
Sif Muna
Trog
Uskayaw
Wu Jian
Xom
Yredelemnul
Zin
The Shining One

Shops:
D:4 *

Annotations:
D:5 3 runed translucent doors, ConnorV's ghost, novice MiBe


Innate Abilities, Weirdness & Mutations

You are a tree.
Your roots penetrate the ground, keeping you stationary.
You cannot be teleported.
You are immune to unholy pain and torment.
Your maximum health is greatly increased.
Your equipment is partially melded.
((You have a pair of horns on your head.))
((You reflexively headbutt those who attack you in melee.))


Message History

You hit the orc warrior but do no damage.
The orc warrior is moderately wounded.
The orc hits you but does no damage.
You closely miss the orc warrior.
The orc warrior is moderately wounded.
The orc warrior unwields a +0 arbalest.
The orc warrior wields a +0 short sword.
The orc warrior hits you but does no damage.
The orc hits you but does no damage.
You barely miss the orc warrior.
The orc warrior is moderately wounded.
You hit the orc warrior.
The orc warrior is heavily wounded.
The orc warrior hits you with a +0 short sword.
* * * LOW HITPOINT WARNING * * *
The orc hits you from afar with a +0 trident.
* * * LOW HITPOINT WARNING * * *
You hit the orc warrior but do no damage.
The orc warrior is heavily wounded.
The orc warrior hits you but does no damage.
The orc hits you but does no damage.
You hit the orc warrior but do no damage.
The orc warrior is heavily wounded.
The orc warrior hits you but does no damage.
You hit the orc warrior but do no damage.
The orc warrior is heavily wounded.
The orc hits you but does no damage.
You closely miss the orc warrior.
The orc warrior is heavily wounded.
The orc warrior hits you with a +0 short sword.
* * * LOW HITPOINT WARNING * * *
The orc hits you but does no damage.
You hit the orc warrior but do no damage.
The orc warrior is heavily wounded.
The orc warrior hits you but does no damage.
Okay, then.
You gain the combat prowess of a mighty hero.
You block the orc's attack.
The orc warrior hits you with a +0 short sword.
You die...

###### ......
.?....
#####......
##.!........
#####...$)......
#.♣oo...........
#.###...........
#.# ##...#.#####
#.# ##.##.## #.#
#.##..## #.#
##.##...######
#.#
#.............
#.#
##.###...####.#
#.###...##..##
#.#


You could see an orc warrior and an orc.

Vanquished Creatures
  A troll (D:5)
  Prince Ribbit (D:6)
  Grinder (D:3)
  A wyvern (D:5)
  Eustachio (D:6)
  A water moccasin (D:6)
  Duvessa (D:4)
  3 ice beasts
  A sky beast (D:4)
  A black bear (D:6)
  3 ogres
  3 centaurs
  A kobold brigand (D:5)
  2 bullfrogs (D:6)
  3 scorpions
  Dowan (D:4)
  A jelly (D:6)
  4 hounds
  An orc priest (D:7)
  2 gnoll boudas
  Jessica (D:2)
  Natasha (D:3)
  4 orc wizards
  An iguana (D:6)
  Robin (D:3)
  3 gnolls (D:6)
  11 adders
  A shadow imp (D:4)
  3 white imps
  3 ufetubi (D:5)
  4 worms
  2 dart slugs (D:1)
  16 orcs
  3 ball pythons
  9 bats
  8 endoplasms
  3 giant cockroaches
  18 goblins
  9 hobgoblins
  11 jackals
  9 kobolds
  6 quokkas
  2 frilled lizards
  4 rats
166 creatures vanquished.

Notes
Turn   | Place    | Note
-------+----------+-------------------------------------------
     0 | D:1      | Icepheonix32 the Minotaur Fighter began the quest for the
                  | Orb.
     0 | D:1      | Reached XP level 1. HP: 19/19 MP: 0/0
    36 | D:1      | Reached XP level 2. HP: 22/27 MP: 1/1
   198 | D:1      | Found a faded altar of an unknown god.
   360 | D:1      | Reached XP level 3. HP: 29/33 MP: 2/2
   788 | D:2      | Noticed Jessica
   788 | D:2      | Found a white marble altar of Elyvilon.
   792 | D:2      | Killed Jessica
   793 | D:2      | Reached XP level 4. HP: 38/41 MP: 3/3
   799 | D:2      | Reached skill level 1 in Dodging
  1298 | D:3      | Noticed Robin
  1307 | D:3      | Reached XP level 5. HP: 41/47 MP: 4/4
  1327 | D:3      | Killed Robin
  1463 | D:3      | Reached skill level 1 in Short Blades
  1593 | D:3      | Reached skill level 5 in Fighting
  1625 | D:3      | Noticed Natasha
  1631 | D:3      | Killed Natasha
  1792 | D:3      | Noticed Grinder
  1806 | D:3      | Killed Grinder
  1807 | D:3      | Reached skill level 5 in Armour
  1807 | D:3      | Reached XP level 6. HP: 45/56 MP: 5/5
  2046 | D:4      | Noticed a sky beast
  2061 | D:4      | Killed a sky beast
  2353 | D:4      | Reached skill level 5 in Shields
  2353 | D:4      | Reached XP level 7. HP: 51/62 MP: 4/6
  2535 | D:4      | Found a stormy altar of Qazlal.
  2752 | D:4      | Found a staircase to the Ecumenical Temple.
  2786 | D:4      | Noticed a +0 falchion
  2786 | D:4      | Noticed a +0 spear
  2786 | D:4      | Noticed Duvessa
  2787 | D:4      | Noticed Dowan
  2796 | D:4      | Killed Duvessa
  2799 | D:4      | Killed Dowan
  2800 | D:4      | Noticed a +0 falchion
  2806 | D:4      | Noticed a +0 spear
  2806 | D:4      | Noticed a +0 dagger
  2809 | D:4      | Noticed a +0 short sword
  2810 | D:4      | Found a hide-covered altar of Uskayaw.
  2810 | D:4      | Noticed a +0 short sword
  2810 | D:4      | Noticed a +0 dagger
  2847 | Temple   | Entered the Ecumenical Temple
  3019 | Temple   | Became a worshipper of Warmaster Okawaru
  3283 | D:4      | Found Ewkockip's Assorted Antiques.
  3286 | D:4      | Bought a potion of might for 116 gold pieces
  3286 | D:4      | Bought a scroll labelled IKHAAQ WIUFEPP for 29 gold pieces
  3322 | D:4      | Found a burning altar of Makhleb.
  3534 | D:5      | Entered Level 5 of the Dungeon
  3566 | D:5      | Reached XP level 8. HP: 58/71 MP: 4/7
  3715 | D:5      | Reached * piety under Okawaru
  3719 | D:5      | Reached skill level 5 in Short Blades
  3736 | D:5      | Noticed a troll
  3739 | D:5      | Found a runed translucent gate.
  3745 | D:5      | Killed a troll
  3779 | D:5      | Reached ** piety under Okawaru
  3780 | D:5      | Reached XP level 9. HP: 57/81 MP: 3/8
  3886 | D:5      | Found a runed translucent gate.
  3887 | D:5      | Found a runed translucent gate.
  3888 | D:5      | Noticed ConnorV's ghost (novice MiBe)
  3969 | D:4      | Bought a fizzy inky potion for 26 gold pieces
  4220 | D:4      | Bought a scroll labelled MOODES JIDD for 29 gold pieces
  4578 | D:6      | Found a sparkling altar of Nemelex Xobeh.
  4623 | D:6      | Noticed Prince Ribbit
  4639 | D:6      | Killed Prince Ribbit
  4896 | D:6      | Noticed Eustachio
  4898 | D:6      | Found a blossoming altar of Fedhas.
  4920 | D:6      | Killed Eustachio
  5050 | D:6      | Found a glowing silver altar of Zin.
  5050 | D:6      | Found a shimmering altar of Xom.
  5208 | D:6      | Reached skill level 1 in Stealth
  5554 | D:6      | Reached skill level 5 in Dodging
  5556 | D:6      | Reached *** piety under Okawaru
  5729 | D:6      | Found a shimmering blue altar of Sif Muna.
  6145 | D:7      | HP: 6/123 [orc/+0 trident (1)]
  6151 | D:7      | Slain by an orc warrior

Illustrated notes

Levels and vault maps discovered:
D:1:      moated_graveyard_arrival, layout_rooms, ebering_ecumenical_altar_webs,
          minmay_bisected
D:2:      layout_rooms, basic_altar, grunt_ministairs_7, uniq_jessica
D:3:      layout_rooms, kennysheep_donut, minmay_misc_feat_enclosed,
          chequers_serial_rivers_small_3, uniq_grinder, uniq_robin, uniq_natasha
D:4:      layout_cave_pods, bloody_makhleb, nicolae_uskayaw_en_pointe,
          grunt_qazlal_sundering, minmay_temple_entry_antechambers,
          serial_shops, nicolae_shop_behind_doors, minmay_misc_feat_hallway,
          uniq_duvessa
D:5:      cheibrodos_fzero, layout_rooms, gammafunk_ghost_split
D:6:      nicolae_cairo_tiling_very_big, layout_basic, minitemple,
          mainiacjoe_overflow_big_doors, uniq_eustachio, uniq_prince_ribbit1
D:7:      layout_loops_ring, kennysheep_mini, nicolae_take_the_stairs,
          minmay_misc_feat_rugged, corexii_hall_statues_i,
          pf_guarded_unrand_woodcutter
Temple:   chequers_temple_sunken

Skill      XL: |  1  2  3  4  5  6  7  8  9 |
---------------+----------------------------+-----
Fighting       | 4 5 6 7 8 |  8.8
Shields        | 4 5 6 |  6.9
Armour         | 4 5 6 7 8 |  8.8
Axes           | 3 |  3.2
Dodging        | 1 2 3 4 5 |  5.2
Short Blades   | 2 3 4 6 |  6.9
Stealth        | 1 |  1.1

Action                   |  1- 3 |  4- 6 |  7- 9 || total
-------------------------+-------+-------+-------++-------
Melee: War axe           |    57 |    11 |       ||    68
       Headbutt          |     5 |    29 |    78 ||   112
       Dagger            |       |   158 |   361 ||   519
Invok: Heroism           |       |       |     2 ||     2
  Use: Potion            |       |     1 |     3 ||     4
Armor: Scale mail        |    34 |    66 |    83 ||   183
       Ring mail         |       |       |    55 ||    55
       Skin              |       |       |     9 ||     9
Dodge: Dodged            |    42 |    72 |   179 ||   293
Block: Buckler           |    24 |    33 |    82 ||   139
